 Dungeon Crawl Stone Soup version 0.20.1-1-g8b1a95d (webtiles) character file.

3253 vatarom the Martial Artist (level 10, -2/109 HPs)
             Began as a Naga Transmuter on Oct 13, 2017.
             Was a Follower of Cheibriados.
             Slain by a hog (11 damage)
             ... on level 7 of the Dungeon.
             The game lasted 00:20:49 (8103 turns).

vatarom the Martial Artist (Naga Transmuter)        Turns: 8103, Time: 00:20:50

Health: -2/109     AC:  6    Str: 19      XL:     10   Next: 0%
Magic:  14/17      EV: 11    Int: 14 (16) God:    Cheibriados [*.....]
Gold:   483        SH:  0    Dex: 17 (18) Spells: 4/19 levels left

rFire    x . .     SeeInvis +     - Unarmed
rCold    + + +     Gourm    .   (shield currently unavailable)
rNeg     . . .     Faith    .   (armour currently unavailable)
rPois    +         Spirit   .   (helmet currently unavailable)
rElec    .         Reflect  .   (cloak currently unavailable)
rCorr    .         Harm     .   (gloves currently unavailable)
MR       +....                  (no barding)
Stlth    ++........             (no amulet)
Regen    0.3/turn               E - +1 ring of evasion
MPRegen  0.2/turn               f - +3 ring of strength

@: ice-form, very slightly contaminated, invisible, very slow
A: see invisible, slow metabolism 1, spit poison 1, AC +3
a: Spit Poison, End Transformation, Bend Time, Renounce Religion


You were on level 7 of the Dungeon.
You worshipped Cheibriados.
Cheibriados was aware of your devotion.
You were not hungry.
You were a creature of crystalline ice.
You visited 2 branches of the dungeon, and saw 8 of its levels.

You collected 519 gold pieces.
You spent 36 gold pieces at shops.

Inventory:

Missiles
 a - 165 arrows
Armour
 b - a +0 helmet (melded)
 g - a +0 buckler
 h - a +0 pair of gloves (melded)
 j - a +0 cloak (melded)
 o - a +1 robe of magic resistance (melded)
 u - a +1 robe
 C - the +2 ring mail "Kucy" {+Inv rPois rF+}
   (You found it on level 6 of the Dungeon)

   It protects you from fire.
   It protects you from poison.
   It lets you turn invisible.
Jewellery
 e - an uncursed ring of magical power
 f - a +3 ring of strength (right front paw)
 E - a +1 ring of evasion (left front paw)
Wands
 q - a wand of disintegration (13/24)
 B - a wand of disintegration (8/24)
 D - a wand of enslavement (6/24)
 F - a wand of iceblast (3/15)
 H - a wand of lightning (6/15)
Scrolls
 i - 3 scrolls of amnesia
 l - a scroll of recharging
 r - 4 scrolls of enchant weapon
 s - 2 scrolls of teleportation
 t - 2 scrolls of remove curse
 x - a scroll of blinking
 y - 3 scrolls of identify
Potions
 k - a potion of resistance
 G - a potion of invisibility
Books
 c - a book of Changes

   Spells                             Type                      Level
   a - Beastly Appendage              Transmutation                1
   b - Sticks to Snakes               Transmutation                2
   c - Spider Form                    Transmutation/Poison         3
   d - Ice Form                       Ice/Transmutation            4
   e - Blade Hands                    Transmutation                5
 m - a book of Minor Magic

   Spells                             Type                      Level
   a - Magic Dart                     Conjuration                  1
   b - Blink                          Translocation                2
   c - Call Imp                       Summoning                    2
   d - Slow                           Hexes                        2
   e - Conjure Flame                  Conjuration/Fire             3
   f - Mephitic Cloud                 Conjuration/Poison/Air       3
 p - the Volume of the Doomed Escort
   (You found it on level 7 of the Dungeon)

   Spells                             Type                      Level
   a - Summon Lightning Spire         Summoning/Air                4
   b - Excruciating Wounds            Charms/Necromancy            5
   c - Summon Mana Viper              Hexes/Summoning              5
   d - Cigotuvi's Embrace             Necromancy                   5
Comestibles
 d - 3 bread rations
 n - 3 fruits
 z - a meat ration


   Skills:
 + Level 5.8 Fighting
 - Level 1.5 Armour
 - Level 1.5 Dodging
 * Level 8.1 Unarmed Combat
 + Level 5.2 Spellcasting
 * Level 6.5 Transmutations
 - Level 3.9 Ice Magic
 + Level 2.5 Invocations


You had 4 spell levels left.
You knew the following spells:

 Your Spells              Type           Power        Failure   Level  Hunger
a - Beastly Appendage     Tmut           ###...       1%          1    None
b - Sticks to Snakes      Tmut           ###.....     1%          2    ##.....
c - Spider Form           Tmut/Pois      ##........   13%         3    ###....
d - Ice Form              Ice/Tmut       ###.....     21%         4    ####...
e - Blade Hands           Tmut           ###.......   32%         5    ######.


Dungeon Overview and Level Annotations

Branches:
Dungeon (7/15)             Temple (1/1) D:6

Altars:
Ashenzari
Cheibriados
Dithmenos
Elyvilon
Fedhas
Gozag
Kikubaaqudgha
Makhleb
Nemelex Xobeh
Qazlal
Ru
Sif Muna
Trog
Uskayaw
Vehumet
Xom
Yredelemnul
Zin
The Shining One

Shops:
D:6 *=


Innate Abilities, Weirdness & Mutations

You cannot wear boots.
((Your serpentine skin is tough. (AC +3)))
You have supernaturally acute eyesight. (SInv)
((Armour fits poorly on your strangely shaped body.))
((Your system is resistant to poisons. (rPois)))
((You cover ground very slowly.))
You have a slow metabolism.
You can spit poison.


Message History

Unknown command.
You punch the hog! You freeze the hog.
You kill the hog!
Cheibriados thoroughly appreciates the change of pace.
You have reached level 10!
You have got your breath back.
The hog bites you!
* * * LOW HITPOINT WARNING * * *
The hog barely misses you.
You strike the helpless hog from behind!
You punch the hog! You freeze the hog.
The hog is heavily wounded.
The hog bites you!
* * * LOW HITPOINT WARNING * * *
Unknown command.
You strike the helpless hog from behind!
You punch the hog! You freeze the hog.
The hog is severely wounded.
The hog bites you!
You die...

#[..........# #
#...........# #
#.).........# ##
#...........# .#
#...........##
.###............##
..#####'#######..##
............ #...#
...........# ##Y##
...........#..#)h#
#'##.......#..#..#
#..#.......#..'..#
##.#.......#..#.%#
#.#.......#..#%%#
#.#.......#######
#..###.####
##.###.#


You could see a hog.

Vanquished Creatures
  Sigmund (D:4)
  3 hogs (D:7)
  A human (D:7)
  The ghost of Irenicus the Slasher, an amateur OpCK of Xom (D:3)
  Edmund (D:4)
  An orc warrior (D:6)
  A sky beast (D:6)
  2 ogres
  A phantom (D:7)
  2 centaurs
  3 bullfrogs
  3 scorpions
  3 wights (D:5)
  2 crimson imps
  A bullfrog skeleton (D:6)
  A centaur skeleton (D:4)
  3 iron imps (D:6)
  A jelly (D:6)
  3 hounds
  5 orc wizards
  Crazy Yiuf (D:6)
  A gnoll shaman (D:5)
  3 orc priests
  Jessica (D:2)
  Ijyb (D:5)
  2 iguanas
  5 worker ants
  Robin (D:2)
  10 gnolls
  9 adders
  A shadow imp (D:5)
  An ooze (D:2)
  2 adder zombies
  2 adder skeletons
  8 worms
  5 dart slugs
  4 leopard geckos
  17 orcs
  3 bats (D:1)
  13 giant cockroaches
  11 goblins
  13 hobgoblins
  7 jackals
  4 quokkas
  2 ball pythons (D:4)
  10 frilled lizards
  A jackal zombie (D:5)
  11 kobolds
  2 leopard gecko skeletons
  A quokka skeleton (D:4)
  A quokka zombie (D:5)
  12 rats
  A spectral orc (D:6)
  2 fungi (D:6)
207 creatures vanquished.

Vanquished Creatures (collateral kills)
  A gnoll (D:1)
  A worm (D:2)
  A rat (D:2)
3 creatures vanquished.

Grand Total: 210 creatures vanquished

Notes
Turn   | Place    | Note
-------+----------+-------------------------------------------
     0 | D:1      | vatarom the Naga Transmuter began the quest for the Orb.
     0 | D:1      | Reached XP level 1. HP: 18/18 MP: 3/3
   214 | D:1      | Reached XP level 2. HP: 20/25 MP: 5/5
   218 | D:1      | Learned a level 2 spell: Sticks to Snakes
   711 | D:1      | Reached XP level 3. HP: 10/31 MP: 6/6
  1474 | D:2      | Reached XP level 4. HP: 30/39 MP: 7/7
  1603 | D:2      | Learned a level 3 spell: Spider Form
  1660 | D:2      | Noticed Jessica
  1668 | D:2      | Killed Jessica
  1668 | D:2      | Reached skill level 4 in Unarmed Combat
  1904 | D:2      | Reached XP level 5. HP: 39/46 MP: 8/8
  2133 | D:2      | Noticed Robin
  2146 | D:2      | Killed Robin
  2625 | D:3      | Noticed Irenicus's ghost (amateur OpCK)
  2649 | D:3      | Killed Irenicus's ghost
  2649 | D:3      | Reached XP level 6. HP: 41/55 MP: 10/10
  2961 | D:3      | Learned a level 4 spell: Ice Form
  2976 | D:3      | Reached skill level 5 in Unarmed Combat
  3537 | D:4      | Reached skill level 1 in Ice Magic
  3537 | D:4      | Reached XP level 7. HP: 61/62 MP: 11/11
  4096 | D:4      | Noticed Sigmund
  4106 | D:4      | Killed Sigmund
  4128 | D:4      | Noticed Edmund
  4145 | D:4      | Killed Edmund
  4567 | D:4      | Reached skill level 6 in Unarmed Combat
  4567 | D:4      | Reached XP level 8. HP: 45/72 MP: 13/13
  4774 | D:5      | Entered Level 5 of the Dungeon
  5092 | D:5      | Noticed Ijyb
  5103 | D:5      | Killed Ijyb
  5590 | D:5      | Learned a level 5 spell: Blade Hands
  6009 | D:6      | Reached skill level 5 in Transmutations
  6021 | D:6      | Got a heavily runed ring mail
  6032 | D:6      | Identified the +2 ring mail "Kucy" {+Inv rPois rF+} (You found it on level 6 of the Dungeon)
  6199 | D:6      | Reached XP level 9. HP: 62/80 MP: 15/15
  6202 | D:6      | Reached skill level 7 in Unarmed Combat
  6226 | D:6      | Found a staircase to the Ecumenical Temple.
  6250 | Temple   | Entered the Ecumenical Temple
  6259 | Temple   | Became a worshipper of Cheibriados the Contemplative
  6339 | D:6      | Found a basalt altar of Yredelemnul.
  6372 | D:6      | Reached skill level 5 in Fighting
  6372 | D:6      | Reached skill level 1 in Armour
  6756 | D:6      | Reached * piety under Cheibriados
  6872 | D:6      | Found a burning altar of Makhleb.
  6887 | D:6      | Reached skill level 1 in Invocations
  6978 | D:6      | Found a hide-covered altar of Uskayaw.
  6978 | D:6      | Found a shattered altar of Ashenzari.
  7003 | D:6      | Found Nintocyr's Assorted Antiques.
  7015 | D:6      | Bought a scroll labeled XAOVIT SUFOCE for 18 gold pieces
  7015 | D:6      | Bought a scroll labeled GUHAEDO ZOMNU for 18 gold pieces
  7084 | D:6      | Found Gelue's Jewellery Emporium.
  7238 | D:6      | Found a runed door.
  7242 | D:6      | Noticed Crazy Yiuf
  7278 | D:6      | Killed Crazy Yiuf
  7555 | D:7      | Found a blossoming altar of Fedhas.
  7791 | D:7      | Identified the Volume of the Doomed Escort
  8044 | D:7      | Reached skill level 5 in Spellcasting
  8099 | D:7      | Reached skill level 8 in Unarmed Combat
  8101 | D:7      | Reached XP level 10. HP: 25/91 MP: 14/17
  8103 | D:7      | Slain by a hog

Skill      XL: |  1  2  3  4  5  6  7  8  9 |
---------------+----------------------------+-----
Fighting       | 2 3 4 5 |  5.8
Unarmed Combat | 4 5 6 8 |  8.1
Transmutations | 3 4 5 6 |  6.5
Spellcasting   | 3 4 5 |  5.2
Ice Magic      | 1 2 3 |  3.9
Armour         | 1 |  1.5
Invocations    | 2 |  2.5
Dodging        | |  1.5

Action                   |  1- 3 |  4- 6 |  7- 9 | 10-12 || total
-------------------------+-------+-------+-------+-------++-------
Melee: Unarmed           |    76 |   247 |   428 |     2 ||   753
       Headbutt          |     4 |     8 |       |       ||    12
       Punch             |       |     3 |     6 |       ||     9
 Cast: Beastly Appendage |    11 |     6 |       |       ||    17
       Sticks to Snakes  |     7 |     3 |       |       ||    10
       Spider Form       |       |     9 |    22 |       ||    31
       Ice Form          |       |       |     6 |       ||     6
 Abil: Spit Poison       |    13 |     2 |     5 |       ||    20
  Use: Scroll            |     5 |     5 |     7 |       ||    17
       Potion            |     3 |     2 |     8 |       ||    13
 Stab: Sleeping          |     3 |     2 |     2 |       ||     7
       Invisible         |       |     2 |     2 |     2 ||     6
  Eat: Chunk             |     1 |     6 |    12 |       ||    19
       Royal jelly       |     1 |       |       |       ||     1
       Fruit             |       |     1 |       |       ||     1
       Bread ration      |       |       |     1 |       ||     1
Armor: Robe              |    13 |    55 |    73 |       ||   141
       Skin              |       |       |    19 |       ||    19
Dodge: Dodged            |    41 |   116 |   293 |     1 ||   451
